 Dungeon Crawl Stone Soup version 0.14-a0-2091-gca92d1a (webtiles) character file.

420 HollowCharge the Poker (level 6, -6/46 (49) HPs)
             Began as a Merfolk Fighter on Jan 25, 2014.
             Mangled by an orange rat zombie (12 damage)
             ... animated by a big kobold necromancer
             ... in a sewer.
             The game lasted 00:17:33 (4040 turns).

HollowCharge the Poker (Merfolk Fighter)            Turns: 4040, Time: 00:17:34

HP  -6/46 (49)   AC  7     Str 16      XL: 6   Next: 52%
MP   6/6         EV  6     Int  8      God:
Gold 87          SH 19     Dex 15      Spells:  0 memorised,  5 levels left

rFire  . . .     SeeInvis .     a - +1,+0 trident
rCold  . . .     Clarity  .     n - +1 scale mail
rNeg   . . .     Conserve .     c - +0 shield
rPois  .         rCorr    +     (no helmet)
rElec  .         rRot     .     (no cloak)
SustAb . .       Spirit   .     (no gloves)
rMut   .         Warding  .     (no boots)
Saprov . . .     Stasis   .     g - amulet of resist corrosion
MR     .....                    (no ring)
                                (no ring)

@: not resistant to hostile enchantments, extremely unstealthy
A: change form in water, swift swim
a: no special abilities


You were in a sewer.
You were not hungry.

You visited 1 branch of the dungeon, and saw 3 of its levels.
You also visited: Sewer.

You collected 87 gold pieces.

Inventory:

Hand weapons
 a - a +1,+0 trident (weapon)
Armour
 c - a +0 shield (worn)
 n - a +1 scale mail (worn)
Magical devices
 i - a wand of random effects (8) {unknown}
Comestibles
 d - 3 bread rations
 p - 2 meat rations
 s - a pear
Scrolls
 b - 2 scrolls of identify
 e - 3 scrolls of teleportation
 h - 4 scrolls of remove curse {unknown}
 u - a scroll of amnesia
Jewellery
 g - an amulet of resist corrosion (around neck)
Potions
 f - a potion of lignification {unknown}
 j - a potion of might {unknown}
 k - a potion of degeneration {unknown}
 l - 2 potions of mutation
 o - a potion of paralysis {unknown}
 q - 2 potions of poison {unknown}


   Skills:
 + Level 4.4 Fighting
 * Level 6.8 Polearms
 - Level 2.1 Armour
 + Level 3.1 Dodging
 + Level 4.1 Shields


You had 5 spell levels left.
You didn't know any spells.

Dungeon Overview and Level Annotations

Branches:
Dungeon (3/16)

Altars:
Cheibriados
Nemelex Xobeh


Message History

You hit the orange rat zombie.
You block the orange rat zombie's attack.
You hit the orange rat zombie. The orange rat zombie bites you.
Your scale mail prevents you from hitting the orange rat zombie.
The orange rat zombie barely misses you.
You hit the orange rat zombie but do no damage.
The orange rat zombie bites you!
* * * LOW HITPOINT WARNING * * *
You hit the orange rat zombie. The orange rat zombie bites you.
* * * LOW HITPOINT WARNING * * *
You hit the orange rat zombie.
You block the orange rat zombie's attack.
As you read the scroll of teleportation, it crumbles to dust.
You feel strangely unstable. The orange rat zombie bites you.
* * * LOW HITPOINT WARNING * * *
Your surroundings suddenly seem different.
Found a scroll labeled TRUNGE RADIEHU.
You hit the orange rat zombie but do no damage.
The orange rat zombie bites you!
You die...

# #### ##≈ #≈≈≈
###≈≈# ≈≈≈
......###≈# #
...........#≈.#
?.......@.....#
........z.....#
########)......#
##..≈....##.....#
#....≈.≈..##....#
#...####≈≈.##...≈≈
#.≈.##..##..≈#...≈
#≈..#....#%≈.#...
#.≈##....##≈≈#


You could see an orange rat zombie.

Vanquished Creatures
  2 big kobolds (Sewer)
  A green rat (D:3)
  4 adders
  An inept item mimic (D:3)
  A giant mite (D:3)
  4 worms (D:2)
  3 grey rats (D:3)
  4 giant geckos
  An ooze (D:2)
  11 orcs
  A ball python (D:1)
  10 bats
  A giant cockroach (D:2)
  3 goblins
  7 hobgoblins
  4 jackals (D:1)
  9 kobolds
  A quokka (D:2)
  4 giant newts (D:2)
  2 grey rat skeletons (Sewer)
  A grey rat zombie (Sewer)
  13 rats
  2 rat zombies (Sewer)
  A plant (D:3)
91 creatures vanquished.

Notes
Turn   | Place    | Note
--------------------------------------------------------------
     0 | D:1      | HollowCharge, the Merfolk Fighter, began the quest for the Orb.
     0 | D:1      | Reached XP level 1. HP: 18/18 MP: 1/1
   112 | D:1      | Reached XP level 2. HP: 24/24 MP: 2/2
   117 | D:1      | Reached skill level 1 in Dodging
   275 | D:1      | Reached skill level 4 in Polearms
   666 | D:2      | Reached XP level 3. HP: 21/29 MP: 3/3
  1999 | D:2      | Reached XP level 4. HP: 35/35 MP: 4/4
  2011 | D:2      | Reached skill level 5 in Polearms
  2457 | D:3      | Found a snail-covered altar of Cheibriados.
  2800 | D:3      | Found a sparkling altar of Nemelex Xobeh.
  3035 | D:3      | Reached XP level 5. HP: 39/39 MP: 5/5
  3755 | D:3      | Found a glowing drain.
  3762 | Sewer    | Entered a sewer
  3810 | Sewer    | Reached skill level 6 in Polearms
  3810 | Sewer    | Reached XP level 6. HP: 21/45 MP: 6/6
  4040 | Sewer    | Mangled by an orange rat zombie

Action                   |  1- 3 |  4- 6 || total
-------------------------+-------+-------++-------
Melee: Trident           |   125 |   296 ||   421
  Use: Potion            |     1 |       ||     1
       Scroll            |       |     9 ||     9
